 Dungeon Crawl Stone Soup version 0.30-a0-1157-g2cc9ac7196 (webtiles) character file.

Game seed: 3792850865173640427

1037 iamoutofideas the Cleaver (level 8, -3/67 HPs)
             Began as a Hill Orc Monk on Apr 24, 2023.
             Splashed by a jelly's acid (9 damage)
             ... on level 5 of the Dungeon.
             The game lasted 00:06:17 (6445 turns).

iamoutofideas the Cleaver (Hill Orc Monk)           Turns: 6445, Time: 00:06:18

Health: -3/67      AC: -14   Str: 16    XL:     8   Next: 24%
Magic:  8/8        EV: 11    Int: 10    God:
Gold:   311        SH:  0    Dex: 13    Spells: 7/7 levels left

rFire   . . .        a - +0 hand axe
rCold   . . .        d - orb {light}
rNeg    + . .        i - +0 ring mail
rPois   .            (no helmet)
rElec   .            (no cloak)
rCorr   .            (no gloves)
SInv    .            (no boots)
Will    .....        (no amulet)
Stlth   +            n - ring of positive energy
HPRegen 0.31/turn    (no ring)
MPRegen 0.11/turn

%: no passive effects
@: corroded, glowing
A: no striking features
a: no special abilities


You were on level 5 of the Dungeon.
You visited 1 branch of the dungeon, and saw 6 of its levels.

You collected 311 gold pieces.

Inventory:

Hand Weapons
 a - a +0 hand axe (weapon)
 l - a +2 dagger of speed
Armour
 d - an orb of light (worn)
 i - a +0 ring mail (worn)
Jewellery
 n - a ring of positive energy (left hand)
Scrolls
 c - a scroll of immolation {unknown}
 e - a scroll of fear
 h - 2 scrolls of teleportation
 j - a scroll of amnesia {unknown}
 q - a scroll of identify
 r - a scroll of enchant armour {unknown}
Potions
 g - a potion of resistance
 k - a potion of attraction
 m - a potion of heal wounds {unknown}
 p - a potion of mutation {unknown}


   Skills:
 + Level 4.8 Fighting
 * Level 10.5 Axes
 + Level 4.2 Armour
 + Level 3.2 Dodging


You had 7 spell levels left.
You didn't know any spells.
Your spell library contained the following spells:

 Spells                   Type           Power      Damage    Failure   Level
 Apportation              Tloc           0%         N/A       56%         1
 Beastly Appendage        Tmut           0%         N/A       56%         1
 Magic Dart               Conj           0%         1d3       56%         1
 Necrotise                Necr           0%         1d4       56%         1
 Summon Small Mammal      Summ           0%         N/A       56%         1
 Call Imp                 Summ           0%         N/A       71%         2
 Wereblood                Tmut           0%         N/A       71%         2
 Mephitic Cloud           Conj/Pois/Air  0%         N/A       90%         3
 Spider Form              Tmut/Pois      0%         N/A       90%         3
 Vhi's Electric Charge    Tloc/Air       0%         N/A       90%         3
 Arcjolt                  Conj/Air       0%         1d10      100%        5
 Plasma Beam              Fire/Air       0%         2x1d11    100%        6


Dungeon Overview and Level Annotations

Branches:
Dungeon (6/15)
 Temple: D:4-7

Altars:
Cheibriados
Okawaru
Qazlal
Wu Jian
Xom

Annotations:
D:3 exclusion: 2 downstairs, Dowan, Duvessa


Message History

Found a stone staircase leading up.
There is a stone staircase leading up here.
There are monsters nearby!
There are monsters nearby!
There are monsters nearby!
You hit the jelly but do no damage. The acid corrodes you!
Your hands burn!
You hit the jelly but do no damage. The acid corrodes you!
Your hands burn!
The jelly barely misses you.
You hit the jelly.
Your hands burn!
The jelly is heavily wounded.
The jelly hits you. The acid corrodes you!
You are splashed with acid!
You hit the jelly but do no damage. The acid corrodes you!
Your hands burn!
The jelly is heavily wounded.
The jelly hits you. The acid corrodes you!
You are splashed with acid!
You are too injured to fight recklessly!
You are too injured to fight recklessly!
You are too injured to fight recklessly!
You are too injured to fight recklessly!
There is a stone staircase leading up here.
The jelly hits you.
You are splashed with acid!
You climb upwards.
There is a stone staircase leading down here.
Unknown command.
You hit the jelly but do no damage. The acid corrodes you!
Your hands burn!
The jelly is heavily wounded.
You hit the jelly but do no damage.
Your hands burn!
* * * LOW HITPOINT WARNING * * *
The jelly is heavily wounded.
The jelly hits you.
* * * LOW HITPOINT WARNING * * *
The acid corrodes you!
You are splashed with acid!
* * * LOW HITPOINT WARNING * * *
You feel better. The jelly hits you.
* * * LOW HITPOINT WARNING * * *
You are splashed with acid!
* * * LOW HITPOINT WARNING * * *
You feel better. The jelly hits you.
* * * LOW HITPOINT WARNING * * *
The acid corrodes you!
You are splashed with acid!
You die...

#.####.....##.....#.
#.####..........(###
#.#........##.###.#.
#.#.###...###.# ##.#
#.#.####### #.# #.#
##....########.####..
#...#................
#...J>########.####.#
###########..#@#######
#.####.#
#............#.###...#
#.......
#.#########.....)....#
#.####.#
#........##.##.......#
#.......
#..##.......#####.#.##
#.###### #..##.##.##.#
#.#.# ##.## #
#...........# #.#.#
#...# # ##.##.##.####
#.#.###<..###
#.##.##.#
#.#.#.......###


You could see a jelly.

Vanquished Creatures
  Sigmund (D:3)
  An ice beast (D:5)
  A centaur (D:5)
  A phantom (D:5)
  4 scorpions (D:5)
  A howler monkey (D:3)
  A hound (D:3)
  2 orc priests (D:4)
  2 jellies (D:5)
  A sleepcap (D:5)
  An iguana (D:5)
  6 adders
  A shadow imp (D:4)
  A white imp (D:5)
  An ufetubus (D:3)
  2 worms (D:2)
  2 dart slugs (D:2)
  18 orcs
  5 endoplasms
  4 giant cockroaches
  5 hobgoblins
  2 jackals (D:1)
  3 kobolds
  2 quokkas
  6 ball pythons
  5 bats
  4 frilled lizards
  2 goblins
  A rat (D:2)
86 creatures vanquished.

Notes
Turn   | Place    | Note
-------+----------+-------------------------------------------
     0 | D:1      | iamoutofideas the Hill Orc Monk began the quest for the
                  | Orb.
     0 | D:1      | Reached XP level 1. HP: 19/19 MP: 1/1
   225 | D:1      | You fall into a shaft and drop 1 floor!
   234 | D:2      | Reached XP level 2. HP: 26/26 MP: 2/2
   386 | D:1      | Reached skill level 5 in Axes
   703 | D:2      | Reached XP level 3. HP: 31/31 MP: 3/3
   793 | D:2      | Found a shimmering altar of Xom.
  1148 | D:2      | Reached skill level 6 in Axes
  1486 | D:3      | Noticed Sigmund
  1497 | D:3      | Killed Sigmund
  1498 | D:3      | Reached skill level 7 in Axes
  1498 | D:3      | Reached skill level 1 in Armour
  1498 | D:3      | Reached XP level 4. HP: 40/40 MP: 4/4
  1498 | D:3      | Reached XP level 5. HP: 46/46 MP: 5/5
  1527 | D:3      | Reached skill level 8 in Axes
  1527 | D:3      | Reached XP level 6. HP: 52/52 MP: 6/6
  2669 | D:4      | Found an iron altar of Okawaru.
  2687 | D:4      | Noticed Duvessa
  2690 | D:4      | Noticed Dowan
  3492 | D:4      | Found a stormy altar of Qazlal.
  3498 | D:4      | Found an ornate altar of the Wu Jian Council.
  3498 | D:4      | Found a snail-covered altar of Cheibriados.
  3583 | D:4      | Reached XP level 7. HP: 42/59 MP: 7/7
  3862 | D:4      | Identified the +5 mace of the Two Names {heavy, rN++ Dex+3}
  4084 | D:5      | Entered Level 5 of the Dungeon
  4105 | D:5      | Reached skill level 9 in Axes
  5173 | D:5      | Reached skill level 10 in Axes
  5333 | D:5      | Reached XP level 8. HP: 47/67 MP: 8/8
  5642 | D:5      | HP: 3/100 [acid (3)]
  6444 | D:5      | HP: 2/67 [acid (10)]
  6445 | D:5      | Splashed by a jelly's acid

Illustrated notes

Levels and vault maps discovered:
D:1:      tarquinn_simple_flora_water_c, layout_basic, minmay_split_cup_small
D:2:      layout_basic, basic_altar
D:3:      layout_loops_ring, serial_co_window_serial, co_window_paths_a,
          co_window_corner_a, co_window_paths_a, co_window_corner_a,
          co_window_paths_a, co_window_paths_a, co_window_paths_a,
          co_window_paths_b, co_window_corner_a, co_window_unsneaky_path_d,
          co_window_paths_c, co_window_broadway_c, co_window_broadway_b,
          co_window_unsneaky_path_e, glass_columns_a, glass_columns_a,
          uniq_sigmund
D:4:      layout_rooms, okawaru_gym_becter, grunt_temple_overflow_open,
          minmay_misc_feat_columns, uniq_duvessa
D:5:      layout_loops_ring
D:6:      layout_rooms, general_overflow_altar, kennysheep_mini,
          nemelex_xobeh_ov_fountains_minmay, xom_redecorated,
          nicolae_overflow_crystal_walls, temple_doors_e,
          uniq_crazy_yiuf_cottage

Skill      XL: |  1  2  3  4  5  6  7  8 |
---------------+-------------------------+-----
Axes           | 5 7 8 10 | 10.5
Armour         | 1 2 3 4 |  4.2
Fighting       | 4 |  4.8
Dodging        | 3 |  3.2

Action                     |  1- 3 |  4- 6 |  7- 9 || total
---------------------------+-------+-------+-------++-------
  Melee: Hand axe          |   104 |   123 |   151 ||   378
    Use: Potion            |     3 |     3 |     6 ||    12
         Scroll            |       |     5 |       ||     5
   Stab: Sleeping          |       |       |     1 ||     1
 Armour: Robe              |     6 |       |       ||     6
         Ring mail         |    29 |    41 |    23 ||    93
         Skin              |     2 |       |    15 ||    17
  Dodge: Dodged            |    65 |    97 |    65 ||   227

Table legend: (Time is in decaauts)
 A = Elapsed time spent in this place.
 B = Non-inter-level travel time spent in this place.
 C = Inter-level travel time spent in this place.
 D = Time resting spent in this place.
 E = Time spent auto-exploring this place.
 F = Levels seen in this place.
 G = Mean time per level.
                   A        B        C        D        E       F      G
               +--------+--------+--------+--------+--------+-----+--------+
         Total |   6407 |   6089 |    318 |   2165 |   3115 |   6 | 1067.8 |
       Dungeon |   6407 |   6089 |    318 |   2165 |   3115 |   6 | 1067.8 |
               +--------+--------+--------+--------+--------+-----+--------+

Top non-repeatable levels by time:
     D:5: 2215 daAuts
     D:3: 1927 daAuts
     D:2: 814 daAuts
     D:4: 791 daAuts
     D:1: 650 daAuts
     D:6: 7 daAuts
